 Dungeon Crawl Stone Soup version 0.18-a0-80-g0c48b46 (webtiles) character file.

305 parkourmaster2 the Covert (level 6, -1/46 HPs)
             Began as a Vampire Assassin on Nov 12, 2015.
             Slain by a crimson imp (4 damage)
             ... summoned by valsik64's ghost
             ... on level 3 of the Dungeon.
             The game lasted 00:11:24 (3736 turns).

parkourmaster2 the Covert (Vampire Assassin)        Turns: 3736, Time: 00:11:26

Health: -1/46      AC:  0    Str:  5    XL:     6   Next: 16%
Magic:  4/6        EV: 25    Int: 12    God:
Gold:   130        SH:  0    Dex: 20    Spells: 0 memorised, 5 levels left

rFire  . . .     SeeInvis +     (weapon currently unavailable)
rCold  . . .     Clarity  .     (armour currently unavailable)
rNeg   + . .     SustAt   .     (shield currently unavailable)
rPois  .         Gourm    .     (helmet currently unavailable)
rElec  .         Spirit   .     (cloak currently unavailable)
rCorr  .         Warding  .     (gloves currently unavailable)
rMut   .         Stasis   .     (boots currently unavailable)
MR     .....                    (no amulet)
Stlth  +++++.....               (ring currently unavailable)
                                (ring currently unavailable)

@: bat-form, flying, very quick, not resistant to hostile enchantments, quite
stealthy
A: (fangs 0), (horns 0), repulsion field 1, see invisible, blink, clumsy 1,
dopey 1, (unbreathing), evolution 1
a: End Transformation, Blink


You were on level 3 of the Dungeon.
You were not thirsty.
You were in vampire-bat-form.
You visited 1 branch of the dungeon, and saw 4 of its levels.

You collected 130 gold pieces.

Inventory:

Hand Weapons
 a - a +2 dagger
 b - a +0 blowgun
 q - a +2 dagger of venom (melded)
Missiles
 e - 39 poisoned needles
 m - 2 curare-tipped needles (quivered)
Armour
 c - a +0 robe (melded)
 d - a +1 cloak (melded)
Jewellery
 h - a ring of protection from fire (melded)
Potions
 f - a potion of agility {unknown}
 g - 10 potions of blood
 i - 2 potions of cancellation
 j - 2 potions of flight
 k - a potion of brilliance {unknown}
 l - 2 potions of might {unknown}
 n - 3 potions of curing {unknown}
 o - 2 potions of heal wounds {unknown}


   Skills:
 + Level 2.6 Fighting
 + Level 3.1 Short Blades
 + Level 1.8 Throwing
 + Level 4.1 Dodging
 + Level 8.3 Stealth


You had 5 spell levels left.
You didn't know any spells.

Dungeon Overview and Level Annotations

Branches:
Dungeon (4/15)
 Temple: D:4-7

Altars:

Annotations:
D:3 valsik64's ghost, amateur DsWn


Innate Abilities, Weirdness & Mutations

((You have razor-sharp teeth.))
You have supernaturally acute eyesight.
((You can survive without breathing.))
((You have a pair of small horns on your head.))
You are surrounded by a mild repulsion field (EV +2).
You can translocate small distances at will.
You are clumsy. (Dex -2)
You are dopey. (Int -2)
You evolve.


Message History

You are too injured to fight recklessly!
You are too injured to fight recklessly!
You are too injured to fight recklessly!
You are too injured to fight recklessly!
You are too injured to fight recklessly!
You are too injured to fight recklessly!
You are too injured to fight recklessly!
You are too injured to fight recklessly!
You are too injured to fight recklessly!
You are too injured to fight recklessly!
You fail to use your ability.
The crimson imp barely misses you. The shadow imp closely misses you.
Valsik64's ghost hits you.
* * * LOW HITPOINT WARNING * * *
You turn into a vampire bat.
Your +2 dagger of venom melds into your body.
Your +1 cloak melds into your body.
Your +0 robe melds into your body.
Your ring of protection from fire melds into your body.
Your +2 dagger of venom stops dripping with poison.
The crimson imp hits you.
You die...

.....# #.##.......#.#
...#####..######..#.##
..............##.....#
.)..####...##.##.#.#.#
#...####.#.##.##.#.#...
.......#.#..#.##.#.#######
#.####.#.##.#.##.#.# #...#
..# #........##.#.# #.#.#
### #...##.....bW5###'#(#
#...##..###55.......# #
#...##..# #.........# #
#...##..# #.(.......# #
#...##..# #.#'#####.# #
#...##..# #.#....<#.# #
#...#...# #.#######.# #
#...#.#.# #.# ###.## #
#...#.#.###.# #....#


You could see valsik64's ghost, a crimson imp, a white imp and a shadow imp.

Vanquished Creatures
  An ogre (D:4)
  A giant frog (D:3)
  An orc priest (D:3)
  2 gnolls (D:2)
  3 adders
  4 worms
  4 giant geckos
  4 orcs
  2 giant cockroaches
  4 goblins
  4 hobgoblins
  2 ball pythons (D:2)
  7 bats
  A giant cockroach zombie (D:3)
  5 giant newts
  9 kobolds
  8 rats
62 creatures vanquished.

Notes
Turn   | Place    | Note
--------------------------------------------------------------
     0 | D:1      | parkourmaster2 the Vampire Assassin began the quest for the Orb.
     0 | D:1      | Reached XP level 1. HP: 16/16 MP: 1/1
   248 | D:1      | Reached skill level 6 in Stealth
   466 | D:1      | Gained mutation: You are clumsy. (Dex -2) [potion of mutation]
   466 | D:1      | Gained mutation: You can translocate small distances at will. [potion of mutation]
   546 | D:1      | Reached XP level 2. HP: 22/22 MP: 2/2
  1293 | D:2      | Reached XP level 3. HP: 18/27 MP: 3/3
  1370 | D:2      | Reached skill level 7 in Stealth
  1735 | D:2      | Reached XP level 4. HP: 33/33 MP: 4/4
  2274 | D:3      | Gained mutation: You have a pair of small horns on your head. [potion of mutation]
  2274 | D:3      | Gained mutation: You evolve. [potion of mutation]
  2274 | D:3      | Gained mutation: You are surrounded by a mild repulsion field (EV +2). [potion of mutation]
  2409 | D:3      | Noticed a giant frog
  2422 | D:3      | Killed a giant frog
  2422 | D:3      | Reached XP level 5. HP: 4/39 MP: 2/5
  2694 | D:3      | Noticed valsik64's ghost (amateur DsWn)
  2780 | D:3      | Gained mutation: You are dopey. (Int -2) [evolution]
  2790 | D:4      | Noticed an ogre
  2806 | D:4      | Killed an ogre
  2806 | D:4      | Reached skill level 8 in Stealth
  2806 | D:4      | Reached XP level 6. HP: 34/46 MP: 6/6
  3736 | D:3      | Slain by a crimson imp

Vault maps used:
D:1:      ncdulo_smallfort
D:4:      grunt_temple_overflow_open, lemuel_coloured_pillars_altar,
          serial_shops, shop

Action                   |  1- 3 |  4- 6 || total
-------------------------+-------+-------++-------
Melee: Dagger            |   115 |   129 ||   244
       Unarmed           |       |     1 ||     1
 Abil: Bat Form          |       |     6 ||     6
       End Transformatio |       |     5 ||     5
       Blink             |       |     5 ||     5
  Use: Scroll            |     3 |     4 ||     7
       Potion            |     1 |     4 ||     5
 Stab: Sleeping          |    11 |     3 ||    14
  Eat: Corpse            |     6 |     1 ||     7
